 Dungeon Crawl Stone Soup version 0.25-a0-697-g890751e744 (webtiles) character file.

Game seed: 508185017492011156, levelgen mode: deterministic

64 Ashen the Gusty (level 4, 0/25 HPs)
             Began as a Tengu Air Elementalist on Apr 1, 2020.
             Succumbed to an adder's poison
             ... on level 2 of the Dungeon.
             The game lasted 00:06:46 (1244 turns).

Ashen the Gusty (Tengu Air Elementalist)            Turns: 1244, Time: 00:06:47

Health: 0/25       AC:  2    Str:  9    XL:     4   Next: 12%
Magic:  8/8        EV: 15    Int: 16    God:
Gold:   81         SH:  0    Dex: 14    Spells: 1/7 levels left

rFire    . . .     SeeInvis .   (no weapon)
rCold    . . .     Gourm    .   (no shield)
rNeg     . . .     Faith    .   a - +0 robe
rPois    .         Spirit   .   (helmet restricted)
rElec    .         Reflect  .   (no cloak)
rCorr    .         Harm     .   (no gloves)
MR       .....                  (boots unavailable)
Stlth    ++........             (no amulet)
HPRegen  0.08/turn              (no ring)
MPRegen  0.11/turn              (no ring)

@: lethally poisoned (0 -> -14), flying quickly and evasively, quick
A: beak, talons 3
a: no special abilities


You were on level 2 of the Dungeon.
You were not hungry.

You visited 1 branch of the dungeon, and saw 2 of its levels.

You collected 81 gold pieces.

Inventory:

Armour
 a - a +0 robe (worn)
Scrolls
 f - a scroll of teleportation {unknown}
Comestibles
 b - a chunk of flesh
 c - 2 rations


   Skills:
 + Level 1.1 Fighting
 + Level 2.7 Dodging
 + Level 2.6 Stealth
 + Level 2.3 Spellcasting
 + Level 2.5 Conjurations
 + Level 4.4 Air Magic


You had one spell level left.
You knew the following spells:

 Your Spells              Type           Power        Failure   Level  Hunger
a - Shock                 Conj/Air       ##..         4%          1    #......
b - Swiftness             Chrm/Air       #.......     12%         2    ###....
c - Static Discharge      Conj/Air       ##......     14%         3    ###....

Your spell library contained the following spells:

 Spells                   Type           Power        Failure   Level  Hunger
 Airstrike                Air            ###.......   32%         4    #####..
 Confusing Touch          Hex            #.......     52%         3    ###....
 Gell's Gravitas          Tloc           #.........   52%         3    ###....
 Lightning Bolt           Conj/Air       ##........   78%         5    ######.
 Petrify                  Tmut/Erth      #.......     89%         4    #####..
 Metabolic Englaciation   Hex/Ice        #.........   99%         5    ######.
 Yara's Violent Unravell  Hex/Tmut       #.........   99%         5    ######.


Dungeon Overview and Level Annotations

Branches:
Dungeon (2/15)

Altars:
Nemelex Xobeh


Innate Abilities, Weirdness & Mutations

You have a beak for a mouth.
You have claws for feet.


Message History

* * * LOW HITPOINT WARNING * * *
You feel sick.
* * * LOW HITPOINT WARNING * * *
You feel sick.
You see here an adder corpse.
You butcher the adder corpse.
* * * LOW HITPOINT WARNING * * *
You feel sick.
Things that are here:
a chunk of flesh; an adder skeleton
b - a chunk of flesh
* * * LOW HITPOINT WARNING * * *
You feel sick.
Sorry, you're not good enough to have a special ability.
Sorry, you're not good enough to have a special ability.
You aren't carrying any potions.
Sorry, you're not good enough to have a special ability.
As you read the scroll labeled FOLESOFF ALUET, it crumbles to dust.
You feel blessed for a moment.
It was a scroll of remove curse.
You die...

..#.⌠.⌠.. ##..
......#.# ....
.......# ..... .......
....##.##..# .#
#....#.##..## #..#
...##..[##.)<##.....
..................#
...###.@#†....####
####
#...).......####...
.........#..##..#....#
.##..........##.......
#.....#....####....#
#.....##..........##
##..#########.......
#..# #.#.<.##
#!.#.....


There were no monsters in sight!

Vanquished Creatures
  An adder (D:2)
  2 oozes (D:1)
  A worm (D:2)
  3 dart slugs (D:1)
  A ball python (D:1)
  A giant cockroach (D:1)
  4 goblins (D:1)
  5 hobgoblins
  3 jackals (D:1)
  5 bats
  2 frilled lizards (D:1)
  6 kobolds
  4 rats (D:1)
38 creatures vanquished.

Notes
Turn   | Place    | Note
-------+----------+-------------------------------------------
     0 | D:1      | Ashen the Tengu Air Elementalist began the quest for the
                  | Orb.
     0 | D:1      | Reached XP level 1. HP: 10/10 MP: 4/4
   380 | D:1      | Reached XP level 2. HP: 16/16 MP: 1/6
   705 | D:1      | Reached XP level 3. HP: 20/20 MP: 3/7
  1105 | D:1      | Learned a level 2 spell: Swiftness
  1109 | D:1      | Learned a level 3 spell: Static Discharge
  1117 | D:1      | Reached skill level 1 in Fighting
  1217 | D:2      | Found a sparkling altar of Nemelex Xobeh,
  1238 | D:2      | Reached XP level 4. HP: 7/25 MP: 2/8
  1243 | D:2      | HP: 1/25 [poisoned by an adder]
  1244 | D:2      | Succumbed to an adder's poison

Levels and vault maps discovered:
D:1:      minmay_arrival_nine_rooms, layout_basic, minmay_cut_off
D:2:      layout_rooms, regret_index_temple_of_mockery,
          okawaru_altar_gauntlet_db, nemelex_xobeh_ov_fountains_minmay,
          minmay_small_reverse_x

Skill      XL: |  1  2  3 |
---------------+----------+-----
Conjurations   | 2 |  2.5
Fighting       | 1 |  1.1
Dodging        | |  2.7
Stealth        | |  2.6
Spellcasting   | |  2.3
Air Magic      | |  4.4

Action                   |  1- 3 |  4- 6 || total
-------------------------+-------+-------++-------
Melee: Unarmed           |    36 |       ||    36
       Kick              |     4 |       ||     4
       Peck              |     3 |       ||     3
 Cast: Shock             |    58 |     1 ||    59
  Use: Potion            |       |     2 ||     2
       Scroll            |       |     1 ||     1
 Stab: Sleeping          |     2 |       ||     2
  Eat: Chunk             |     2 |       ||     2
Armor: Robe              |    16 |       ||    16
Dodge: Dodged            |    64 |     2 ||    66

Table legend:
 A = Non-vault XP
 B = Vault XP
 C = Vault XP percentage of total XP
 D = Non-vault monster count
 E = Vault monster count
 F = Vault count percentage of total count
                 A         B        C        D         E       F
            +---------+---------+-------+---------+---------+-------
      Total |      76 |      16 |  17.4 |      33 |       5 |  13.2
            +---------+---------+-------+---------+---------+-------
        D:1 |      52 |      16 |  23.5 |      27 |       5 |  15.6
        D:2 |      24 |       0 |   0.0 |       6 |       0 |   0.0
            +---------+---------+-------+---------+---------+-------
